 Dungeon Crawl Stone Soup version 0.26-a0-651-gb41185065b (webtiles) character file.

Game seed: 2874079239060641395

72828 Flugslaktarn the Cleaver (level 15, -3/147 HPs)
             Began as a Deep Dwarf Fighter on Oct 8, 2020.
             Was the Champion of Makhleb.
             Shot with an arrow by Vashnia (26 damage)
             ... on level 3 of the Snake Pit.
             The game lasted 00:09:51 (12962 turns).

Flugslaktarn the Cleaver (Deep Dwarf Fighter)      Turns: 12962, Time: 00:09:52

Health: -3/147     AC: 34    Str: 24    XL:     15   Next: 2%
Magic:  12/12      EV: 12    Int: 11    God:    Makhleb [******]
Gold:   1161       SH: 10    Dex: 19    Spells: 14/14 levels left

rFire    . . .     SeeInvis .   s - +8 war axe (flame)
rCold    . . .     Faith    +   c - +0 kite shield
rNeg     + + +     Spirit   .   R - +8 plate armour of the Pink Corner {Stlth+}
rPois    +         Reflect  .   f - +2 hat
rElec    .         Harm     .   (no cloak)
rCorr    .         Rampage  .   I - +2 pair of gloves {Str+3}
MR       ++...                  v - +0 pair of boots of the Bull {*Contam rN++}
Stlth    ..........             e - amulet of faith
HPRegen  0.00/turn              M - ring of Yredelemnul's Hope {AC+4 Dex+4}
MPRegen  0.13/turn              o - ring of poison resistance

@: about to teleport, non-regenerating
A: damage resistance, heal wounds, negative energy resistance 1, sense
surroundings 2, no regeneration
a: Heal Wounds, Minor Destruction, Lesser Servant of Makhleb, Major Destruction,
Greater Servant of Makhleb, Renounce Religion


You were on level 3 of the Snake Pit.
You worshipped Makhleb.
Makhleb was exalted by your worship.
You visited 4 branches of the dungeon, and saw 23 of its levels.
You also visited: Ossuary, Bailey and Volcano.

You collected 2325 gold pieces.
You spent 1164 gold pieces at shops.

Inventory:

Hand Weapons
 s - a +8 war axe of flaming (weapon)
   (You took it off an orc on level 3 of the Dungeon)
 y - a +1 trident of distortion
   (You took it off an orc warrior on level 12 of the Dungeon)
Missiles
 P - a throwing net (quivered)
Armour
 c - a +0 kite shield (worn)
 f - a +2 hat (worn)
   (You found it on level 1 of the Dungeon)
 v - the +0 pair of boots of the Bull (worn) {*Contam rN++}
   (You found it on level 11 of the Dungeon)

   It greatly protects you from negative energy.
   It causes magical contamination when unequipped.
 I - a +2 pair of gloves of strength (worn)
   (You found it in a bailey)
 R - the +8 plate armour of the Pink Corner (worn) {Stlth+}
   (You bought it in a shop on level 15 of the Dungeon)

   It makes you more stealthy.
Jewellery
 e - an amulet of faith (around neck)
   (You found it on level 7 of the Dungeon)
 m - an uncursed ring of protection from magic
   (You found it on level 4 of the Dungeon)
 o - a ring of poison resistance (right hand)
   (You found it on level 9 of the Dungeon)
 p - an uncursed ring of stealth {unknown}
   (You found it on level 2 of the Snake Pit)
 F - the ring "Urarchy" {*Drain +Blink rF+ rC++ Stlth-, unknown}
   (You found it on level 2 of the Snake Pit)

   [ring of protection from fire]

   It protects you from fire.
   It greatly protects you from cold.
   It lets you blink.
   It causes draining when unequipped.
   It makes you less stealthy.
 M - the ring of Yredelemnul's Hope (left hand) {AC+4 Dex+4}
   (You acquired it on level 15 of the Dungeon)

   [ring of protection]

   It affects your AC (+4).
   It affects your dexterity (+4).
Wands
 a - a wand of enslavement (32)
   (You found it on level 11 of the Dungeon)
 g - a wand of digging (4)
   (You found it on level 4 of the Dungeon)
 u - a wand of paralysis (13)
   (You found it on level 4 of the Dungeon)
 O - a wand of acid (16)
   (You found it on level 14 of the Dungeon)
 Q - a wand of iceblast (14)
   (You took it off an efreet on level 15 of the Dungeon)
Scrolls
 b - 3 scrolls of fear
 j - a scroll of summoning
 l - 6 scrolls of magic mapping
 r - 3 scrolls of identify
 t - 5 scrolls of teleportation
 x - 12 scrolls of remove curse
 z - a scroll of blinking
 H - 3 scrolls of fog
 K - 3 scrolls of enchant armour
Potions
 d - 4 potions of might
 h - 3 potions of haste
 i - 3 potions of mutation
 k - 2 potions of magic
 n - 2 potions of resistance
 q - 11 potions of curing
 w - 5 potions of lignification
 A - 5 potions of heal wounds
 B - 9 potions of flight
 C - 2 potions of berserk rage
 D - 2 potions of ambrosia
 E - 2 potions of cancellation
 L - a potion of invisibility


   Skills:
 * Level 13.0 Fighting
 * Level 14.9 Axes
 + Level 11.4 Armour
 + Level 10.9 Dodging
 - Level 3.4 Shields
 + Level 11.7 Invocations
 - Level 10.0 Evocations


You had 14 spell levels left.
You didn't know any spells.
Your spell library was empty.

Dungeon Overview and Level Annotations

Branches:
Dungeon (15/15)            Temple (1/1) D:5            Lair (4/6) D:8
 Shoals (0/4) Lair:2        Snake (3/4) Lair:4          Orc (0/2) D:12
 Vaults (0/5) D:14         Depths (0/5) D:15        Ossuary (visited)
 Bailey (visited)         Volcano (visited)

Altars:
Ashenzari
Cheibriados
Dithmenos
Elyvilon
Fedhas
Gozag
Hepliaklqana
Makhleb
Nemelex Xobeh
Okawaru
Qazlal
Ru
Sif Muna
Trog
Uskayaw
Vehumet
Wu Jian
Xom
Yredelemnul
Zin
The Shining One

Shops:
D:5 *   D:10 [   D:13 *   D:15 [

Annotations:
D:5 1 runed translucent door, Ozzies's ghost, novice DECj
D:8 3 runed translucent doors, loralnil's ghost, novice OpTm
D:12 2 transporters, jt's ghost, journeyman PaWn
D:13 2 transporters, slayr's ghost, journeyman HOFi
D:14 Roxanne
Lair:1 3 runed translucent doors, donkeybrains's ghost, novice MiFi
Snake:3 Vashnia


Innate Abilities, Weirdness & Mutations

You are resistant to damage.
You can heal yourself by infusing magical energy.
You resist negative energy. (rN+)
You passively map the area around you.
You do not regenerate.


Message History

The arrow hits you!!
Vashnia mumbles some strange words.
Vashnia magically shoots an arrow.
The arrow hits you but does no damage.
The naga sharpshooter casts a spell.
The naga sharpshooter magically shoots an arrow.
The arrow hits you!
* * * LOW HITPOINT WARNING * * *
A naga ritualist comes into view. It is wielding a +0 dagger of venom.
Evoke which item? (* to show all) (? for menu, Esc to quit)
Okay, then.
As you read the scroll of teleportation, it crumbles to dust.
You feel strangely unstable.
A black mamba comes into view.
The naga sharpshooter casts a spell.
The naga sharpshooter magically shoots a bolt.
The bolt hits you!
* * * LOW HITPOINT WARNING * * *
The naga sharpshooter shoots an arrow.
The arrow hits you but does no damage.
Vashnia shoots an arrow.
The arrow hits you!!
You die...

.#.....................#######..
*
#................../...........
##..(....†....(...............(
#........)....................
*#........)((.............)..#
.........†(.$..........<...#
...........(.............###
#......................†.#
#.[........@>.............#*
..........NNNN.>............
..###.....NNSN............. *
##.......S...........## ,,
#....N..N.........### ,
##...............## ,,
#..<......N. ,, ,, ,
#.....S...(N , * ,,, ,


You could see Vashnia, 5 naga sharpshooters, a naga ritualist, a mana viper, 2
black mambas, a naga mage (fast) and 3 nagas.

Vanquished Creatures
  Jorgrun (Snake:2)
  Aizul (Snake:2)
  Nessos (D:12)
  2 naga warriors (Snake:2)
  4 hydras
  A vault guard (D:14)
  Erolcha (D:9)
  The ghost of Eightlegvermin the Martial Artist, a journeyman OpTm of Dithmenos (Lair:2)
  2 centaur warriors
  6 two-headed ogres
  A tengu warrior (D:15)
  Urug (D:12)
  A vampire mage (D:15)
  Sonja (Lair:4)
  5 naga sharpshooters
  3 shock serpents
  2 skeletal warriors (D:15)
  2 unseen horrors
  2 naga ritualists
  A necromancer (D:15)
  Pikel (D:6)
  7 ugly things
  4 salamanders
  3 mana vipers
  4 orc knights (Bailey)
  A shadow dragon skeleton (D:15)
  A salamander (shapeshifter) (D:15)
  2 centaur zombies
  2 cyclopes
  5 elephants
  Joseph (D:8)
  9 black mambas
  A merfolk siren (Lair:2)
  A guardian serpent (Snake:1)
  9 naga magi
  A gargoyle (D:12)
  7 cane toads
  Maggie (D:6)
  An efreet (D:15)
  3 komodo dragons
  2 kobold demonologists (Bailey)
  A yaktaur skeleton (D:15)
  A tengu conjurer (D:15)
  3 meliai (D:15)
  7 trolls
  The ghost of ma3 the Cleaver, an amateur HOMo of Cheibriados (D:4)
  2 hornets (D:8)
  Prince Ribbit (D:9)
  A fire dragon zombie (D:15)
  Grinder (D:4)
  5 hippogriffs
  A shadow (D:14)
  39 yaks
  Eustachio (D:5)
  3 vampires
  Sigmund (D:5)
  3 wraiths
  2 wyverns (D:9)
  A basilisk (Lair:2)
  7 vampire mosquitoes
  A tengu zombie (D:15)
  3 wargs (D:8)
  2 acid dragons
  Edmund (D:6)
  10 nagas
  10 water moccasins
  6 porcupines
  2 sky beasts
  3 black bears (D:12)
  18 orc warriors
  5 ice beasts
  4 boggarts (D:15)
  7 ogres
  5 phantoms
  A necrophage (D:13)
  4 centaurs
  2 lemures (D:6)
  4 crocodiles
  4 bullfrogs
  4 scorpions
  A water moccasin skeleton (D:9)
  5 killer bees (D:9)
  9 wights
  6 electric eels
  2 howler monkeys
  3 bullfrog zombies
  9 hounds
  A bullfrog skeleton (D:12)
  3 centaur skeletons
  3 jellies
  13 orc priests
  18 orc wizards
  2 iguanas
  8 worker ants
  2 hell rats (Lair:1)
  A big kobold zombie (Ossuary)
  9 mummies
  A howler monkey zombie (D:6)
  2 worker ant zombies
  A howler monkey skeleton (D:8)
  17 adders
  7 gnolls (Bailey)
  7 river rats (Lair:1)
  2 shadow imps
  2 white imps
  An ufetubus (D:10)
  An adder zombie (D:7)
  A worm (D:6)
  2 dart slugs (D:1)
  2 leopard geckos
  79 orcs
  2 giant cockroaches
  2 gnoll zombies (Ossuary)
  12 goblins
  7 hobgoblins
  10 jackals
  4 kobolds
  5 quokkas
  2 ball pythons (Lair:4)
  4 bats
  3 frilled lizards
  4 hobgoblin zombies
  2 kobold zombies (Ossuary)
  A leopard gecko skeleton (D:4)
  3 orc zombies
  A quokka zombie (D:8)
  6 rats
570 creatures vanquished.

Vanquished Creatures (collateral kills)
  A naga warrior (Snake:1)
  A black mamba (Snake:3)
  A naga (Snake:1)
3 creatures vanquished.

Vanquished Creatures (others)
  A vampire (D:12)
  21 plants
  4 withered plants
26 creatures vanquished.

Grand Total: 599 creatures vanquished

Notes
Turn   | Place    | Note
-------+----------+-------------------------------------------
     0 | D:1      | Flugslaktarn the Deep Dwarf Fighter began the quest for the
                  | Orb.
     0 | D:1      | Reached XP level 1. HP: 20/20 MP: 1/1
    15 | D:1      | Reached XP level 2. HP: 27/27 MP: 2/2
    97 | D:1      | You fall into a shaft and drop 1 floor!
   329 | D:2      | Found an ornate altar of the Wu Jian Council.
   442 | D:3      | Reached XP level 3. HP: 26/34 MP: 3/3
   610 | D:4      | Reached skill level 3 in Axes
   611 | D:4      | Reached skill level 1 in Dodging
   612 | D:4      | Reached XP level 4. HP: 34/42 MP: 4/4
   635 | D:4      | Reached XP level 5. HP: 31/50 MP: 5/5
   695 | D:4      | Found a runed translucent door.
   695 | D:4      | Noticed ma3's ghost (amateur HOMo)
   726 | D:4      | Reached skill level 4 in Axes
   731 | D:4      | Noticed an ogre
   733 | D:4      | Noticed an ogre
   737 | D:4      | Killed an ogre
   737 | D:4      | Reached skill level 1 in Evocations
   737 | D:4      | Reached XP level 6. HP: 47/57 MP: 6/6
   862 | D:4      | Reached skill level 5 in Axes
   862 | D:4      | Reached XP level 7. HP: 46/66 MP: 6/6
   862 | D:4      | Noticed Grinder
   873 | D:4      | Killed Grinder
  1051 | D:5      | Entered Level 5 of the Dungeon
  1081 | D:4      | Killed ma3's ghost
  1081 | D:4      | Reached skill level 5 in Fighting
  1081 | D:4      | Reached skill level 5 in Armour
  1135 | D:5      | Reached XP level 8. HP: 42/74 MP: 6/6
  1153 | D:5      | Reached skill level 6 in Axes
  1187 | D:5      | Found an opulent altar of Gozag.
  1224 | D:5      | Found a runed translucent door.
  1226 | D:5      | Noticed Ozzies's ghost (novice DECj)
  1241 | D:5      | Found a sand-covered staircase.
  1245 | Ossuary  | Entered an ossuary
  1437 | D:5      | Found Usoal's General Store.
  1438 | D:5      | Found a bloodstained altar of Trog.
  1460 | D:5      | Noticed Eustachio
  1460 | D:5      | Noticed Sigmund
  1467 | D:5      | Killed Sigmund
  1489 | D:5      | Killed Eustachio
  1560 | D:5      | Found a staircase to the Ecumenical Temple.
  1627 | Temple   | Entered the Ecumenical Temple
  1702 | Temple   | Became a worshipper of Makhleb the Destroyer
  1831 | D:5      | Reached skill level 7 in Axes
  2051 | D:6      | Noticed Edmund
  2067 | D:6      | Reached skill level 1 in Invocations
  2067 | D:6      | Gained mutation: You passively map the area around you.
                  | [Deep Dwarf growth]
  2067 | D:6      | Reached XP level 9. HP: 42/85 MP: 4/4
  2081 | D:6      | Reached skill level 5 in Evocations
  2095 | D:6      | Killed Edmund
  2106 | D:6      | Reached * piety under Makhleb
  2106 | D:6      | Reached skill level 5 in Dodging
  2124 | D:6      | Reached skill level 8 in Axes
  2234 | D:6      | Noticed Pikel
  2256 | D:6      | Killed Pikel
  2299 | D:6      | Noticed Maggie
  2306 | D:6      | Killed Maggie
  2862 | D:7      | Reached XP level 10. HP: 64/94 MP: 6/6
  2928 | D:7      | Reached ** piety under Makhleb
  3198 | D:7      | Found a sacrificial altar of Ru.
  3387 | D:7      | Reached skill level 9 in Axes
  3398 | D:7      | Found a blossoming altar of Fedhas.
  3760 | D:8      | Noticed Joseph
  3786 | D:8      | Killed Joseph
  4049 | D:8      | Reached skill level 5 in Invocations
  4130 | D:8      | Found a staircase to the Lair.
  4131 | D:8      | Found a shimmering blue altar of Sif Muna.
  4150 | D:8      | Found a stormy altar of Qazlal.
  4230 | D:8      | Reached *** piety under Makhleb
  4245 | D:8      | Found a runed translucent gate.
  4246 | D:8      | Found a runed translucent gate.
  4446 | D:8      | Found a sparkling altar of Nemelex Xobeh.
  4450 | D:8      | Found a runed translucent gate.
  4452 | D:8      | Found an opulent altar of Gozag.
  4455 | D:8      | Noticed loralnil's ghost (novice OpTm)
  4896 | D:9      | Found a shadowy altar of Dithmenos.
  4993 | D:9      | Found a white marble altar of Elyvilon.
  5045 | D:9      | Noticed Prince Ribbit
  5066 | D:9      | Killed Prince Ribbit
  5089 | D:9      | Noticed Erolcha
  5098 | D:9      | Killed Erolcha
  5098 | D:9      | Reached **** piety under Makhleb
  5098 | D:9      | Reached skill level 10 in Axes
  5098 | D:9      | Reached XP level 11. HP: 83/104 MP: 9/9
  5121 | D:9      | Found a radiant altar of Vehumet.
  5344 | D:10     | Entered Level 10 of the Dungeon
  5639 | D:10     | Found a glowing golden altar of the Shining One.
  5784 | D:10     | Killed an unseen horror
  5970 | D:10     | Found Ikeguny's Armour Shop.
  6452 | D:11     | Reached ***** piety under Makhleb
  6553 | D:11     | Noticed a brown ugly thing
  6567 | D:11     | Killed a brown ugly thing
  6787 | D:11     | Got a pair of polished boots
  6793 | D:11     | Identified the +0 pair of boots of the Bull {*Contam rN++}
                  | (You found it on level 11 of the Dungeon)
  7149 | D:12     | Noticed Nessos
  7151 | D:12     | Noticed a two-headed ogre
  7169 | D:12     | Killed a two-headed ogre
  7180 | D:12     | Killed Nessos
  7180 | D:12     | Reached skill level 11 in Axes
  7180 | D:12     | Noticed a two-headed ogre
  7191 | D:12     | Reached XP level 12. HP: 88/116 MP: 11/11
  7199 | D:12     | Killed a two-headed ogre
  7202 | D:12     | Noticed Urug
  7219 | D:12     | Killed Urug
  7219 | D:12     | Reached skill level 10 in Fighting
  7267 | D:12     | Found a transporter.
  7270 | D:12     | Noticed jt's ghost (journeyman PaWn)
  7296 | D:12     | Noticed a centaur warrior
  7311 | D:12     | Killed a centaur warrior
  7324 | D:12     | Noticed a two-headed ogre
  7336 | D:12     | Killed a two-headed ogre
  7367 | D:12     | Found a flagged portal.
  7373 | Bailey   | Entered a bailey
  7435 | Bailey   | Found an iron altar of Okawaru.
  7506 | Bailey   | Acquired 813 gold pieces
  7583 | Bailey   | Reached ****** piety under Makhleb
  7699 | Bailey   | Reached skill level 12 in Axes
  7907 | D:12     | Found a transporter.
  8073 | D:12     | Found a staircase to the Orcish Mines.
  8220 | D:13     | Noticed slayr's ghost (journeyman HOFi)
  8334 | D:13     | Found a transporter.
  8365 | D:13     | Noticed a two-headed ogre
  8368 | D:13     | Killed a two-headed ogre
  8642 | D:13     | Reached skill level 10 in Evocations
  8811 | D:13     | Found a transporter.
  8885 | D:13     | Found Gonukk's Blood Bar.
  9211 | D:14     | Identified Roxanne's Papyrus of the Rocks
  9211 | D:14     | Noticed Roxanne
  9296 | D:14     | Found a gate to the Vaults.
  9296 | D:14     | Noticed a vault guard
  9307 | D:14     | Killed a vault guard
  9307 | D:14     | Reached XP level 13. HP: 126/126 MP: 12/12
  9424 | D:15     | Entered Level 15 of the Dungeon
  9431 | D:15     | Found a staircase to the Depths.
  9598 | D:15     | Reached skill level 13 in Axes
  9615 | D:15     | Reached skill level 10 in Armour
  9819 | D:15     | Noticed a fire giant
  9829 | D:15     | Acquired the ring of Yredelemnul's Hope {AC+4 Dex+4}
  9876 | D:15     | Found Kag Qaoq's Armour Emporium.
  9880 | D:15     | Bought the +8 plate armour of the Pink Corner {Stlth+} for
                  | 1164 gold pieces
  9986 | D:15     | Reached skill level 10 in Invocations
 10240 | Lair:1   | Entered Level 1 of the Lair of Beasts
 10379 | Lair:1   | Noticed donkeybrains's ghost (novice MiFi)
 10400 | Lair:1   | Found a runed translucent gate.
 10400 | Lair:1   | Found a runed translucent gate.
 10400 | Lair:1   | Found a runed translucent gate.
 10648 | Lair:2   | Found a runed translucent gate.
 10648 | Lair:2   | Noticed Eightlegvermin's ghost (journeyman OpTm)
 10649 | Lair:2   | Found a runed translucent gate.
 10650 | Lair:2   | Found a runed translucent gate.
 11006 | Lair:2   | Found a dark tunnel.
 11020 | Volcano  | Entered a volcano
 11103 | Lair:2   | Found a staircase to the Shoals.
 11291 | Lair:3   | Gained mutation: You resist negative energy. (rN+) [Deep
                  | Dwarf growth]
 11291 | Lair:3   | Reached XP level 14. HP: 136/136 MP: 10/10
 11297 | Lair:3   | Reached skill level 10 in Dodging
 11350 | Lair:2   | Killed Eightlegvermin's ghost
 12251 | Lair:4   | Reached skill level 14 in Axes
 12278 | Lair:4   | Noticed Sonja
 12295 | Lair:4   | Killed Sonja
 12395 | Lair:4   | Found a staircase to the Snake Pit.
 12436 | Snake:1  | Entered Level 1 of the Snake Pit
 12561 | Snake:2  | Noticed Aizul
 12589 | Snake:2  | Killed Aizul
 12601 | Snake:2  | Noticed Jorgrun
 12616 | Snake:2  | Killed Jorgrun
 12648 | Snake:2  | Got a sparkling turquoise ring
 12930 | Snake:3  | Reached XP level 15. HP: 105/147 MP: 12/12
 12950 | Snake:3  | Noticed Vashnia
 12962 | Snake:3  | Shot with an arrow by Vashnia

Illustrated notes

Levels and vault maps discovered:
D:1:      dpeg_arrival_long_road, layout_rooms
D:2:      layout_loops_ring, kiku_gazebo_garden_becter, lemuel_round_altar
D:3:      layout_loops_ring, tso_altar
D:4:      layout_rooms, gammafunk_ghost_grave, uniq_grinder
D:5:      layout_cave_pools, nicolae_gozag_seed_capital, lemuel_crystal_altar,
          minmay_temple_entry_waves, serial_shops, shop, enter_ossuary_5,
          gammafunk_ghost_grave, uniq_eustachio, uniq_sigmund
D:6:      layout_basic, minmay_crossroads, uniq_pikel, uniq_maggie, uniq_edmund
D:7:      layout_basic, nicolae_ru_path_of_blood, kennysheep_little_box,
          kennysheep_nub
D:8:      layout_layer_cave, kennysheep_mini_moat,
          nicolae_overflow_hidden_temple, grunt_qazlal_sundering,
          erik_lair_orcish_takeover, ebering_ghost_gozag, minmay_mini_ossuary,
          uniq_joseph
D:9:      layout_cave_pools, elyvilon_altar_4, nicolae_overflow_crystal_walls,
          old_standard_altar, uniq_erolcha, uniq_prince_ribbit1
D:10:     layout_grid_maze, basic_altar, serial_shops, shop, moated_statue,
          chequers_big_river, kennysheep_decorative_pillar,
          unseen_surprise_small
D:11:     layout_basic
D:12:     layout_gridville, david_orc_4, enter_bailey_2, gammafunk_ghost_hive,
          uniq_nessos, uniq_urug
D:13:     layout_loops_corners, gammafunk_ghost_stat_death, guppyfry_shop_blood
D:14:     layout_basic, david_vaults_5, kennysheep_another_room, uniq_roxanne
D:15:     gammafunk_depths_entry_grave, layout_rooms, serial_shops,
          nicolae_shop_stone, nicolae_twisting_strands,
          minmay_misc_feat_ornament, minmay_misc_feat_columns,
          minmay_joined_circles
Temple:   dpeg_three_leaves_temple
Lair:1:   layout_small_grid, gammafunk_ghost_icy, kennysheep_rathole,
          grunt_megastairs_1, lemuel_fruit_fields, serial_bayou_shore_a,
          infiniplex_staircase_pool_2
Lair:2:   layout_regular_city, minmay_shoals_entry_lonely_mermaid,
          gammafunk_ghost_split, nicolae_volcano_entry_lava_flow
Lair:3:   layout_small_grid, grunt_megastairs_5
Lair:4:   layout_regular_city, minmay_snake_entry_six_corridors,
          portal_ice_cave_entry_imps, uniq_nergalle, uniq_sonja
Snake:1:  layout_grid_shapes, serial_bayou_shore_b
Snake:2:  layout_rooms, uniq_aizul, uniq_jorgrun
Snake:3:  hangedman_cross_veins, layout_layer_cave, uniq_vashnia

Skill      XL: |  1  2  3  4  5  6  7  8  9 10 11 12 13 14 |
---------------+-------------------------------------------+-----
Fighting       | 3 4 5 6 7 8 9 10 11 13 | 13.0
Axes           | 3 4 5 7 8 10 11 12 13 14 | 14.9
Dodging        | 1 2 3 4 5 6 7 8 9 10 | 10.9
Armour         | 4 5 6 7 8 9 10 11 | 11.4
Evocations     | 1 2 3 4 6 7 8 10 | 10.0
Invocations    | 1 3 5 7 8 10 11 | 11.7
Shields        | |  3.4

Action                   |  1- 3 |  4- 6 |  7- 9 | 10-12 | 13-15 || total
-------------------------+-------+-------+-------+-------+-------++-------
Melee: War axe           |    79 |    48 |   275 |   761 |   638 ||  1801
Invok: Lesser Servant of |       |       |       |       |     3 ||     3
 Abil: Heal Wounds       |     1 |     2 |    14 |     8 |    20 ||    45
Evoke: Wand              |       |       |       |     6 |     4 ||    10
  Use: Scroll            |       |       |    20 |     5 |    17 ||    42
       Potion            |       |       |       |     1 |     2 ||     3
 Stab: Paralysed         |       |       |       |    11 |       ||    11
       Distracted        |       |       |       |       |     1 ||     1
Armor: Scale mail        |    39 |    18 |   125 |       |       ||   182
       Plate armour      |       |       |     3 |   290 |   277 ||   570
       Chain mail        |       |       |       |    49 |   136 ||   185
Dodge: Dodged            |    51 |    17 |   116 |   222 |   316 ||   722
Block: Kite shield       |    47 |    25 |   146 |   379 |   345 ||   942

Table legend: (Time is in decaauts)
 A = Elapsed time spent in this place.
 B = Non-inter-level travel time spent in this place.
 C = Inter-level travel time spent in this place.
 D = Time resting spent in this place.
 E = Time spent auto-exploring this place.
 F = Levels seen in this place.
 G = Mean time per level.
                   A        B        C        D        E       F      G
               +--------+--------+--------+--------+--------+-----+--------+
         Total |  13075 |  12329 |    746 |     81 |   8846 |  26 |  502.9 |
       Dungeon |   9646 |   9033 |    613 |     25 |   6647 |  15 |  643.1 |
        Temple |     84 |     69 |     15 |      0 |     67 |   1 |   84.0 |
          Lair |   2177 |   2075 |    102 |     56 |   1642 |   4 |  544.2 |
     Snake Pit |    496 |    482 |     14 |      0 |    206 |   3 |  165.3 |
       Ossuary |    189 |    189 |      0 |      0 |    107 |   1 |  189.0 |
        Bailey |    477 |    477 |      0 |      0 |    176 |   1 |  477.0 |
       Volcano |      3 |      3 |      0 |      0 |      0 |   1 |    3.0 |
               +--------+--------+--------+--------+--------+-----+--------+

Top non-repeatable levels by time:
     D:8: 1198 daAuts
     D:7: 1144 daAuts
    D:10: 942 daAuts
    D:11: 937 daAuts
  Lair:2: 881 daAuts
    D:13: 872 daAuts
  Lair:3: 773 daAuts
     D:6: 605 daAuts
     D:5: 603 daAuts
    D:15: 567 daAuts
    D:12: 561 daAuts
     D:9: 541 daAuts
     D:4: 529 daAuts
    D:14: 509 daAuts
  Bailey: 477 daAuts
